[Event "Titled Tuesday Blitz January 03 Late 2023"]
[White "Salimova, Nurgyul"]
[Black "Zomorrodian, Eilia"]
[WhiteFideId "2915138"]
[BlackFideId "12551805"]
[WhiteElo "2391"]
[BlackElo "2109"]
[Result "1-0"]
[Round "04"]
[TimeControl "180+2"]
[Date "2023.01.03"]
[WhiteClock "0:00:29"]
[BlackClock "0:00:01"]

1. e4 c5 2. Nf3 e6 3. d4 cxd4 4. Nxd4 a6 5. Bd3 Nf6 6. O-O Qc7 7. Qe2 d6 8. c4 Nbd7 9. Nc3 Be7 10. f4 O-O 11. Kh1 b6 12. Be3 Bb7 13. Rac1 Nc5 14. Qc2 Nxd3 15. Qxd3 Rac8 16. b3 Nd7 17. f5 Nc5 18. Qc2 e5 19. Nde2 Qd8 20. Ng3 Bg5 21. Qd2 Bxe3 22. Qxe3 Qh4 23. f6 g6 24. Rcd1 Rfd8 25. Nd5 Bxd5 26. exd5 b5 27. Rc1 b4 28. Rce1 h6 29. Qd2 Kh7 30. Qxb4 Nd3 31. Qb7 Rf8 32. Re3 Qd4 33. Re2 a5 34. Qd7 Nf4 35. Re4 Qd2 36. Rg1 Rcd8 37. Qg4 h5 38. Qg5 Qxa2 39. Nf5 Rh8 40. Qh6+ 1-0


[Site "https://www.chess.com"]

[Event "Titled Tuesday Blitz January 03 Late 2023"]
[White "Tristan, Leonardo"]
[Black "Jimenez Almeida, Luis David"]
[WhiteFideId "113816"]
[BlackFideId "22242244"]
[WhiteElo "2545"]
[BlackElo "2242"]
[Result "1-0"]
[Round "04"]
[TimeControl "180+2"]
[Date "2023.01.03"]
[WhiteClock "0:00:32"]
[BlackClock "0:00:35"]

1. d4 g6 2. e4 Bg7 3. Nc3 c5 4. d5 d6 5. Bb5+ Nd7 6. a4 Nf6 7. Nf3 O-O 8. O-O Ng4 9. Re1 a6 10. Bf1 b6 11. h3 Nge5 12. Nd2 g5 13. Nc4 Nxc4 14. Bxc4 Ne5 15. Bf1 h6 16. Ne2 Ng6 17. Ng3 e6 18. c3 exd5 19. Qxd5 Be6 20. Qd1 d5 21. exd5 Qxd5 22. Qxd5 Bxd5 23. Nf5 Rfd8 24. Nxg7 Kxg7 25. Be3 Bb7 26. a5 Rd6 27. axb6 Rxb6 28. b4 Re6 29. Bxc5 Nf4 30. Rxe6 Nxe6 31. Bb6 Rc8 32. c4 Kf6 33. Be3 Ke5 34. c5 Ra8 35. Re1 Kd5 36. Rd1+ Ke5 37. Rd7 Nd8 38. Bc4 f5 39. Bd4+ Ke4 40. f3+ Kf4 41. Kf2 g4 42. g3+ Kg5 43. h4+ Kg6 44. Rg7+ Kh5 45. Rxb7 1-0


[Site "https://www.chess.com"]

[Event "Titled Tuesday Blitz January 03 Late 2023"]
[White "Domingo Nunez, Ruben"]
[Black "Fiorito, Joaquin"]
[WhiteFideId "22245570"]
[BlackFideId "180173"]
[WhiteElo "2416"]
[BlackElo "2405"]
[Result "1-0"]
[Round "04"]
[TimeControl "180+2"]
[Date "2023.01.03"]
[WhiteClock "0:01:19"]
[BlackClock "0:01:31"]

1. e4 c6 2. d4 d5 3. Nc3 dxe4 4. Nxe4 Bf5 5. Ng3 Bg6 6. h4 h6 7. h5 Bh7 8. Nh3 e6 9. c3 Bd6 10. Qg4 Nf6 11. Qxg7 Rg8 12. Qxh6 Rxg3 13. fxg3 Bxg3+ 14. Kd1 Nbd7 15. Ng5 Bf5 16. Qg7 Qe7 17. h6 O-O-O 18. h7 Bg4+ 19. Be2 Bxe2+ 20. Kxe2 e5 21. Qxf7 Qd6 22. h8=Q exd4 23. Qxd8+ Kxd8 24. Ne6+ 1-0


[Site "https://www.chess.com"]

[Event "Titled Tuesday Blitz January 03 Late 2023"]
[White "Korchmar, Vasiliy"]
[Black "Reprintsev, Alexander"]
[WhiteFideId "24131750"]
[BlackFideId "14100541"]
[WhiteElo "2438"]
[BlackElo "2253"]
[Result "1-0"]
[Round "04"]
[TimeControl "180+2"]
[Date "2023.01.03"]
[WhiteClock "0:00:21"]
[BlackClock "0:00:02"]

1. e4 d5 2. exd5 Qxd5 3. Nc3 Qa5 4. d4 Nf6 5. Nf3 Nc6 6. Bb5 Ne4 7. O-O Nxc3 8. Bxc6+ bxc6 9. bxc3 Bf5 10. Bd2 e6 11. Ne5 Bd6 12. Nc4 Qa4 13. Ne3 Bg6 14. f4 O-O 15. f5 exf5 16. Nxf5 Rae8 17. h4 Re6 18. h5 Bxf5 19. Rxf5 h6 20. Rf2 Rfe8 21. Qg4 R8e7 22. Raf1 Qxa2 23. Bf4 Bxf4 24. Qxf4 Qd5 25. Qg4 Qg5 26. Qh3 Re1 27. Rxf7 Rxf7 28. Rxe1 Qf5 29. Qxf5 Rxf5 30. Re7 Rf7 31. Re5 1-0


[Site "https://www.chess.com"]

[Event "Titled Tuesday Blitz January 03 Late 2023"]
[White "Blanco Acevedo, Cristobal Jose"]
[Black "Godzwon, Iwo"]
[WhiteFideId "3900525"]
[BlackFideId "21802483"]
[WhiteElo "2310"]
[BlackElo "2394"]
[Result "0-1"]
[Round "04"]
[TimeControl "180+2"]
[Date "2023.01.03"]
[WhiteClock "0:00:16"]
[BlackClock "0:00:20"]

1. e4 c5 2. Nf3 Nc6 3. d4 cxd4 4. Nxd4 Qb6 5. Nb3 Nf6 6. Nc3 e6 7. Be3 Qc7 8. Bd3 a6 9. f4 Bb4 10. O-O d5 11. e5 Nd7 12. Ne2 g6 13. c3 Be7 14. Ned4 b6 15. a4 Bb7 16. Qe2 Nc5 17. Bc2 Nxb3 18. Nxb3 Na5 19. Nxa5 bxa5 20. Qf2 Rc8 21. Bd3 Bc5 22. Bd4 Qb6 23. g4 h5 24. f5 gxf5 25. gxf5 Rg8+ 26. Kh1 Bxd4 27. cxd4 Rc7 28. fxe6 Qxe6 29. Bf5 Qh6 30. Rae1 Re7 31. e6 fxe6 32. Bxe6 Rf8 33. Bf7+ Kd8 34. Qh4 Qd6 35. Qxh5 Rfxf7 36. Rc1 Rxf1+ 37. Rxf1 Qe6 38. Rf8+ Kd7 39. Qh8 Qe4+ 40. Kg1 Qg6+ 41. Kf2 Rf7+ 42. Ke3 Qe6+ 43. Kd2 Qf5 44. Rxf7+ Qxf7 45. Qe5 Qh7 46. Kc3 Bc6 47. Kb3 Qd3+ 48. Ka2 Qc4+ 49. b3 Qc2+ 50. Ka3 Qe4 51. Qh8 Qe7+ 52. Ka2 Kc7 53. h4 Bd7 54. h5 Bf5 55. h6 Be4 56. Qg7 Qxg7 57. hxg7 Bh7 58. Ka3 Kc6 59. b4 axb4+ 60. Kxb4 Kb6 61. a5+ Kc6 62. Kc3 Kb5 63. Kd2 Kxa5 64. Ke3 Kb4 65. Kf4 a5 66. Ke5 a4 67. Kxd5 a3 68. Kc6 a2 69. d5 a1=Q 70. d6 Qxg7 71. d7 Be4+ 72. Kd6 Qd4+ 73. Kc7 Qc5+ 74. Kd8 Bf5 75. Ke8 Qe5+ 0-1


[Site "https://www.chess.com"]

[Event "Titled Tuesday Blitz January 03 Late 2023"]
[White "Fernandez Garcia, Gumersindo"]
[Black "Kuzmicz, Krystian"]
[WhiteFideId "24516740"]
[BlackFideId "1119125"]
[WhiteElo "2160"]
[BlackElo "2466"]
[Result "0-1"]
[Round "04"]
[TimeControl "180+2"]
[Date "2023.01.03"]
[WhiteClock "0:00:09"]
[BlackClock "0:00:22"]

1. e4 c5 2. c3 g6 3. d4 cxd4 4. cxd4 d5 5. e5 Bg7 6. Nc3 Nc6 7. Bb5 Nh6 8. h3 O-O 9. Nf3 Bf5 10. O-O Be4 11. Bxc6 Bxf3 12. Qxf3 bxc6 13. Na4 Nf5 14. Qd3 f6 15. f4 fxe5 16. fxe5 e6 17. Nc5 Qe7 18. Bf4 Rab8 19. b3 Rb4 20. Be3 Re8 21. Rac1 Qh4 22. Bf2 Qg5 23. Rcd1 a5 24. Kh2 Nxd4 25. Bxd4 Rxd4 26. Qf3 Qxe5+ 27. Kh1 Rf8 28. Qxf8+ Bxf8 29. Rxf8+ Kg7 30. Rxd4 Qe1+ 31. Kh2 Kxf8 32. Nd3 Qe3 33. Rf4+ Ke7 34. Rf3 Qd4 35. Nf4 e5 36. Ne2 Qb2 37. Ng3 e4 38. Re3 Qxa2 39. Kg1 Qa1+ 40. Kf2 Qb2+ 41. Ne2 Kd6 42. Kf1 Qa1+ 43. Kf2 c5 44. g4 Qb1 45. h4 d4 46. Rh3 e3+ 47. Kf3 Qf1+ 0-1


[Site "https://www.chess.com"]

[Event "Titled Tuesday Blitz January 03 Late 2023"]
[White "Jaracz, Pawel"]
[Black "Pesotskiy, Mikhail"]
[WhiteFideId "1102222"]
[BlackFideId "34164453"]
[WhiteElo "2467"]
[BlackElo "2153"]
[Result "1-0"]
[Round "04"]
[TimeControl "180+2"]
[Date "2023.01.03"]
[WhiteClock "0:00:07"]
[BlackClock "0:00:11"]

1. Nf3 Nf6 2. d4 e6 3. c4 Bb4+ 4. Bd2 a5 5. Nc3 b6 6. Bg5 Bb7 7. Qc2 h6 8. Bh4 d6 9. Nd2 Nbd7 10. f3 O-O 11. a3 Bxc3 12. bxc3 e5 13. e4 Qe8 14. Bd3 Nh5 15. Nf1 Nf4 16. Ne3 f5 17. Nxf5 exd4 18. Nxd4 Nc5 19. Bf1 Nxe4 20. O-O-O Nc5 21. Re1 Qg6 22. Qxg6 Nxg6 23. Bg3 Rae8 24. Be2 Nf4 25. Bxf4 Rxf4 26. Kd2 Rf7 27. Bd1 Rfe7 28. Rxe7 Rxe7 29. Bc2 Ba6 30. Nb5 Kf7 31. h4 Kf6 32. h5 Rd7 33. Rh4 d5 34. Rf4+ Ke7 35. Nd4 Bxc4 36. Bg6 Ne6 37. Rf7+ Kd6 38. Nf5+ Kc6 39. Ne7+ Kd6 40. Nc8+ Kc6 41. Na7+ Kd6 42. Nc8+ Kc6 43. Ne7+ Kd6 44. Nf5+ Kc6 45. g4 Rxf7 46. Bxf7 Kd7 47. Bxe6+ Kxe6 48. Nxg7+ Kf6 49. Nf5 Kg5 50. Ke3 c5 51. Kf2 Bd3 52. Ne3 d4 53. cxd4 cxd4 54. Nd5 b5 55. Kg3 1-0


[Site "https://www.chess.com"]

[Event "Titled Tuesday Blitz January 03 Late 2023"]
[White "Przybylski, Wojciech"]
[Black "Wieczorek, Oskar"]
[WhiteFideId "1117599"]
[BlackFideId "1133950"]
[WhiteElo "2321"]
[BlackElo "2512"]
[Result "1-0"]
[Round "04"]
[TimeControl "180+2"]
[Date "2023.01.03"]
[WhiteClock "0:00:12"]
[BlackClock "0:00:01"]

1. e4 c5 2. Nf3 e6 3. b3 a6 4. Bb2 d5 5. exd5 exd5 6. d4 Nf6 7. Be2 Nc6 8. O-O cxd4 9. Nxd4 Bd6 10. Bf3 O-O 11. h3 Ne5 12. Nd2 Re8 13. Re1 Bd7 14. a4 Rc8 15. Nf1 Bc6 16. Ne3 Nxf3+ 17. Qxf3 Ne4 18. Ndf5 Bf8 19. Ng4 Qg5 20. Nfh6+ gxh6 21. Rxe4 Bg7 22. Rxe8+ Rxe8 23. Nf6+ Bxf6 24. Bxf6 Qg6 25. Bd4 Re4 26. c3 f5 27. b4 h5 28. b5 Bd7 29. bxa6 bxa6 30. Rb1 Re8 31. Rb7 Qd6 32. g3 h4 33. Qh5 1-0


[Site "https://www.chess.com"]

[Event "Titled Tuesday Blitz January 03 Late 2023"]
[White "Strahov, Andrej"]
[Black "Garcia Ramos, Daniel"]
[WhiteFideId "4165489"]
[BlackFideId "32010311"]
[WhiteElo "2398"]
[BlackElo "2442"]
[Result "0-1"]
[Round "04"]
[TimeControl "180+2"]
[Date "2023.01.03"]
[WhiteClock "0:00:06"]
[BlackClock "0:00:09"]

1. e4 c6 2. d4 d5 3. e5 Bf5 4. Be3 Nd7 5. Nd2 e6 6. Be2 Ne7 7. Ngf3 h6 8. O-O Bh7 9. g4 c5 10. c4 cxd4 11. Bxd4 Nc6 12. cxd5 exd5 13. Re1 Be7 14. e6 fxe6 15. Bxg7 Rg8 16. Bxh6 Rxg4+ 17. Kh1 Nf6 18. Ng5 Rh4 19. Nxh7 Rxh6 20. Nxf6+ Bxf6 21. Bh5+ Ke7 22. Bg4 Be5 23. Nf3 Qh8 24. Kg1 Rg8 25. Kf1 Rxg4 26. Nxe5 Nxe5 27. Rxe5 Qg7 28. Re1 Rg1+ 29. Ke2 Qe5+ 30. Kd3 Rh3+ 31. Kc2 Qf5+ 32. Kc1 Qf4+ 33. Kc2 Qxf2+ 34. Qd2 Rxh2 35. Qxf2 Rxf2+ 36. Kc3 Rg3+ 37. Kd4 Rf4+ 38. Ke5 Rgg4 39. Rf1 Re4# 0-1


[Site "https://www.chess.com"]

[Event "Titled Tuesday Blitz January 03 Late 2023"]
[White "Vlassov, Nikolai"]
[Black "Keller, Peter"]
[WhiteFideId "4103360"]
[BlackFideId "1272105"]
[WhiteElo "2283"]
[BlackElo "2358"]
[Result "0-1"]
[Round "04"]
[TimeControl "180+2"]
[Date "2023.01.03"]
[WhiteClock "0:00:04"]
[BlackClock "0:00:10"]

1. e4 e5 2. Bc4 Nf6 3. d3 Nc6 4. Nf3 Bc5 5. Bg5 h6 6. Bh4 d6 7. Nc3 g5 8. Bg3 Bg4 9. h4 Nh5 10. Nd5 Nd4 11. hxg5 hxg5 12. c3 Bxf3 13. gxf3 Ne6 14. f4 exf4 15. Rxh5 Rxh5 16. Qxh5 fxg3 17. d4 c6 18. Ne3 gxf2+ 19. Kxf2 Qf6+ 20. Nf5 d5 21. dxc5 dxc4 22. Rd1 Nxc5 23. Rd4 Rd8 24. Ke3 Rxd4 25. cxd4 Nxe4 26. Qh7 Nd6 27. Qg8+ Kd7 28. Nxd6 Kxd6 29. Qb8+ Kd5 30. Qxb7 Qxd4+ 31. Kf3 Qf4+ 32. Kg2 f5 33. Qd7+ Kc5 34. Qxa7+ Kd5 35. Qd7+ Qd6 36. Qxf5+ Qe5 37. Qxe5+ Kxe5 38. Kf3 Kd4 39. Kg4 c3 40. bxc3+ Kxc3 41. Kxg5 c5 42. Kf4 c4 43. Ke3 Kb2 44. a4 c3 45. a5 c2 46. Kd4 c1=Q 0-1


[Site "https://www.chess.com"]

[Event "Titled Tuesday Blitz January 03 Late 2023"]
[White "Domingo Nunez, Alejandro"]
[Black "benny_aizenberg"]
[WhiteFideId "22245561"]
[WhiteElo "2338"]
[BlackElo "2507"]
[Result "1-0"]
[Round "04"]
[TimeControl "180+2"]
[Date "2023.01.03"]
[WhiteClock "0:01:01"]
[BlackClock "0:00:21"]

1. Nf3 c5 2. g3 g6 3. Bg2 Bg7 4. O-O Nc6 5. c4 e5 6. Nc3 Nge7 7. a3 a5 8. Ne1 O-O 9. Nc2 d6 10. Ne3 Rb8 11. Ned5 Be6 12. d3 f5 13. f4 Bf7 14. Bd2 Nxd5 15. cxd5 Ne7 16. e4 b5 17. a4 b4 18. Nb5 Be8 19. Qe2 Bxb5 20. axb5 Rxb5 21. fxe5 Bxe5 22. Bh6 Rf7 23. Kh1 Rb7 24. Bg5 Qb6 25. Qd2 Ra7 26. g4 fxg4 27. Rxf7 Kxf7 28. Rf1+ Ke8 29. Bh6 c4 30. dxc4 Qd4 31. Qe2 Kd7 32. Be3 Qxb2 33. Qxg4+ Kc7 34. Bxa7 a4 35. Qe6 Bf6 36. Rxf6 Qc1+ 37. Bf1 Kb7 38. Qxe7+ Ka6 39. Qxd6+ Kxa7 40. Rf7+ Ka8 41. Qd8# 1-0


[Site "https://www.chess.com"]

[Event "Titled Tuesday Blitz January 03 Late 2023"]
[White "Abrahamyan, Tatev"]
[Black "Estrada Nieto, Julian"]
[WhiteFideId "13301918"]
[BlackFideId "5101018"]
[WhiteElo "2294"]
[BlackElo "2215"]
[Result "1-0"]
[Round "04"]
[TimeControl "180+2"]
[Date "2023.01.03"]
[WhiteClock "0:00:42"]
[BlackClock "0:00:09"]

1. e4 e5 2. Nf3 Nc6 3. Bc4 Bc5 4. O-O d6 5. c3 Nf6 6. d3 a6 7. Bb3 Ba7 8. Nbd2 O-O 9. h3 h6 10. Re1 Re8 11. Nf1 Be6 12. Bc2 d5 13. Qe2 b5 14. Ng3 Qd7 15. Nh4 Bc5 16. Qf3 Nh7 17. Nhf5 Ne7 18. Bb3 dxe4 19. dxe4 Nxf5 20. Nxf5 Bxb3 21. axb3 Re6 22. Qg4 Bf8 23. Nxh6+ Kh8 24. Rd1 Qe8 25. Nf5 Rg6 26. Qf3 Rd8 27. Be3 Rd7 28. Rxd7 Qxd7 29. Rd1 Qe6 30. Rd8 Qxb3 31. Bc5 Kg8 32. Ne7+ Kh8 33. Nxg6+ 1-0


[Site "https://www.chess.com"]

[Event "Titled Tuesday Blitz January 03 Late 2023"]
[White "Hsu, Li Yang"]
[Black "Sos Andreu, Eric"]
[WhiteFideId "5800080"]
[BlackFideId "22247017"]
[WhiteElo "2427"]
[BlackElo "2352"]
[Result "0-1"]
[Round "04"]
[TimeControl "180+2"]
[Date "2023.01.03"]
[WhiteClock "0:00:05"]
[BlackClock "0:00:44"]

1. Nf3 Nf6 2. g3 d5 3. Bg2 Bg4 4. O-O Nbd7 5. d4 e6 6. Nbd2 Be7 7. Re1 O-O 8. e4 dxe4 9. Nxe4 Nxe4 10. Rxe4 Bf5 11. Re1 c6 12. c3 a5 13. Qb3 Qb6 14. Nd2 a4 15. Qd1 Nf6 16. Nc4 Qd8 17. Bf4 Nd5 18. Bd2 c5 19. dxc5 Bxc5 20. Ne3 Nxe3 21. Bxe3 Bxe3 22. Rxe3 Qb6 23. Qe2 Ra5 24. c4 h6 25. h3 Rd8 26. Rc1 Qb4 27. Rec3 b6 28. Kh2 Rc5 29. a3 Qa5 30. b4 axb3 31. Rxb3 Rdc8 32. Qb2 Rxc4 33. Rxc4 Rxc4 34. Rxb6 Rc2 35. Rb8+ Kh7 36. Qd4 Qe1 37. g4 Rd2 38. Qf4 Rxf2 39. Qg3 Be4 40. Rb2 Rxb2 41. Qxe1 Rxg2+ 42. Kh1 Re2+ 0-1


[Site "https://www.chess.com"]

[Event "Titled Tuesday Blitz January 03 Late 2023"]
[White "Ortega Ruiz, Jose Miguel"]
[Black "Popilski, Gil"]
[WhiteFideId "2209713"]
[BlackFideId "2809060"]
[WhiteElo "2351"]
[BlackElo "2443"]
[Result "0-1"]
[Round "04"]
[TimeControl "180+2"]
[Date "2023.01.03"]
[WhiteClock "0:01:13"]
[BlackClock "0:00:43"]

1. Nf3 d5 2. g3 Nf6 3. Bg2 g6 4. O-O Bg7 5. d4 O-O 6. c4 c6 7. b3 a5 8. Bb2 a4 9. bxa4 Nbd7 10. Ne5 Nb6 11. Nc3 dxc4 12. Rb1 Nfd5 13. a5 Rxa5 14. e4 Nxc3 15. Bxc3 Rxa2 16. Bb4 Na4 17. Ra1 Nb2 18. Qc2 Rxa1 19. Rxa1 Qxd4 20. Bc3 Qxe5 21. Bxe5 Bxe5 22. Bf1 b5 23. Qd2 c3 24. Qc2 Be6 25. Kg2 b4 26. f4 Bd4 27. Qc1 b3 28. Qe1 c5 29. Bb5 c4 30. Rc1 Nd3 31. Qd1 c2 32. Rxc2 bxc2 0-1


[Site "https://www.chess.com"]

[Event "Titled Tuesday Blitz January 03 Late 2023"]
[White "aidenzhouu"]
[Black "Gascon Del Nogal, Jose Rafael"]
[BlackFideId "3902463"]
[WhiteElo "2395"]
[BlackElo "2459"]
[Result "0-1"]
[Round "04"]
[TimeControl "180+2"]
[Date "2023.01.03"]
[WhiteClock "0:00:09"]
[BlackClock "0:00:18"]

1. d4 Nf6 2. c4 g6 3. Nc3 Bg7 4. e4 d6 5. Nf3 O-O 6. Be2 e5 7. dxe5 dxe5 8. Qxd8 Rxd8 9. Bg5 c6 10. Nxe5 Re8 11. O-O-O Na6 12. Rd6 Be6 13. f4 Nc5 14. Bf3 Nfd7 15. Nxd7 Nxd7 16. e5 h6 17. Bh4 g5 18. fxg5 Nxe5 19. Be2 hxg5 20. Bxg5 Bxc4 21. Bxc4 Nxc4 22. Rd7 Re5 23. h4 Rae8 24. Rxb7 Rc5 25. Rf1 Nxb2 26. Kxb2 Rxc3 27. Bf6 Rg3 28. Bxg7 Re2+ 29. Kb1 Rxg7 30. g4 Rxg4 31. Rbxf7 Rb4+ 32. Ka1 Ra4 33. Rf8+ Kg7 34. R8f7+ Kg6 35. R7f6+ Kh5 36. R6f5+ Kg4 37. Rc5 Rexa2+ 38. Kb1 Ra1+ 39. Kb2 Rxf1 40. Rg5+ Kxh4 41. Rc5 Rf3 42. Rxc6 Rg4 43. Rc2 Rfg3 44. Rc6 Rf4 45. Rh6+ Kg5 46. Ra6 Rf2+ 0-1


[Site "https://www.chess.com"]

[Event "Titled Tuesday Blitz January 03 Late 2023"]
[White "Kujawski, Adam"]
[Black "Kim, Yoon-Young"]
[WhiteFideId "1100920"]
[BlackFideId "30908779"]
[WhiteElo "2173"]
[BlackElo "2304"]
[Result "0-1"]
[Round "04"]
[TimeControl "180+2"]
[Date "2023.01.03"]
[WhiteClock "0:00:05"]
[BlackClock "0:00:30"]

1. e4 e5 2. Nf3 Nc6 3. Bb5 a6 4. Ba4 Nf6 5. O-O Be7 6. Re1 b5 7. Bb3 d6 8. c3 O-O 9. h3 Nb8 10. d4 Nbd7 11. Nbd2 Bb7 12. Bc2 Re8 13. Nf1 Bf8 14. Ng3 g6 15. a4 Nb6 16. a5 Nbd7 17. b4 Bg7 18. dxe5 dxe5 19. Bb3 c5 20. Bg5 c4 21. Bc2 h6 22. Be3 Qc7 23. Qd2 Kh7 24. Rad1 Rad8 25. Qd6 Qc8 26. Nh2 Qa8 27. Ng4 Nxg4 28. hxg4 Qc8 29. g5 Bf8 30. Qd2 h5 31. Qe2 Bg7 32. Nxh5 gxh5 33. Qxh5+ Kg8 34. g3 Nf8 35. Bb6 Rxd1 36. Rxd1 Qa8 37. f3 Qc8 38. Rd6 Ng6 39. Rxg6 fxg6 40. Qxg6 Qe6 41. Qh5 Bc8 42. g6 Qh3 43. Qxh3 Bxh3 44. g4 Bh6 45. Kh2 Bf1 0-1


[Site "https://www.chess.com"]

[Event "Titled Tuesday Blitz January 03 Late 2023"]
[White "Ward, Ieuan C"]
[Black "Shuvalova, Polina"]
[WhiteFideId "406627"]
[BlackFideId "24171760"]
[WhiteElo "2028"]
[BlackElo "2484"]
[Result "0-1"]
[Round "04"]
[TimeControl "180+2"]
[Date "2023.01.03"]
[WhiteClock "0:01:23"]
[BlackClock "0:01:46"]

1. e4 e5 2. Nf3 Nc6 3. Bc4 Nf6 4. d3 Bc5 5. c3 O-O 6. O-O Re8 7. Bb3 a5 8. Bg5 h6 9. Be3 Bf8 10. h3 d5 11. exd5 Nxd5 12. Bxd5 Qxd5 13. d4 e4 14. Nfd2 b5 15. Qb3 Be6 16. Qxd5 Bxd5 17. Na3 Reb8 18. c4 bxc4 19. Naxc4 Nb4 20. b3 a4 21. Bf4 Rb7 22. bxa4 Rxa4 23. a3 Nd3 24. Bg3 Bxc4 0-1


[Site "https://www.chess.com"]

[Event "Titled Tuesday Blitz January 03 Late 2023"]
[White "Zeynalli, Rashad"]
[Black "Schmidt, Harald"]
[WhiteFideId "13403320"]
[BlackFideId "4648358"]
[WhiteElo "2200"]
[BlackElo "2347"]
[Result "1-0"]
[Round "04"]
[TimeControl "180+2"]
[Date "2023.01.03"]
[WhiteClock "0:01:08"]
[BlackClock "0:00:09"]

1. d4 c6 2. Bf4 d6 3. e3 Bf5 4. c3 Nd7 5. Qb3 Qb6 6. Nd2 Qxb3 7. axb3 h6 8. Ngf3 g5 9. Bg3 Bg7 10. b4 Ngf6 11. b5 c5 12. Nc4 Ne4 13. Nfd2 Nxg3 14. hxg3 O-O 15. Be2 d5 16. Na5 Rab8 17. Nab3 cxd4 18. Nxd4 Bg6 19. Rxa7 Nc5 20. O-O Bd3 21. Bxd3 Nxd3 22. Nf5 Nxb2 23. Nxe7+ Kh7 24. Nxd5 Rfd8 25. e4 f5 26. f3 fxe4 27. fxe4 Bxc3 28. Nxc3 Rxd2 29. Rf7+ Kg6 30. Raxb7 Rxb7 31. Rxb7 Nc4 32. Nd5 Kh5 33. Rg7 Kg4 34. Kh2 Rd4 35. Nf6# 1-0


[Site "https://www.chess.com"]

[Event "Titled Tuesday Blitz January 03 Late 2023"]
[White "Graham, Nathaniel"]
[Black "Yashmetov, Mikhail"]
[WhiteFideId "2007983"]
[BlackFideId "24198900"]
[WhiteElo "2262"]
[BlackElo "2323"]
[Result "1-0"]
[Round "04"]
[TimeControl "180+2"]
[Date "2023.01.03"]
[WhiteClock "0:00:25"]
[BlackClock "0:00:04"]

1. e4 c5 2. Nf3 Nc6 3. d4 cxd4 4. Nxd4 Nf6 5. Nc3 e5 6. Ndb5 d6 7. Bg5 a6 8. Na3 b5 9. Nd5 Be7 10. Bxf6 Bxf6 11. c3 O-O 12. Nc2 Bg5 13. Be2 Be6 14. Ncb4 Nxb4 15. Nxb4 Qd7 16. a4 Qb7 17. axb5 axb5 18. Rxa8 Rxa8 19. O-O Rd8 20. Qd3 Bc4 21. Qf3 Be6 22. Rd1 g6 23. Nd5 f5 24. exf5 Bxd5 25. Rxd5 Rf8 26. Rxb5 Qxf3 27. Bxf3 gxf5 28. Bd5+ Kg7 29. Rb7+ Kg6 30. g3 f4 31. Be4+ Kf6 32. Rxh7 Rb8 33. Rb7 Rxb7 34. Bxb7 Ke6 35. c4 Bd8 36. Bd5+ Kd7 37. gxf4 exf4 38. Kg2 Bf6 39. b4 Bc3 40. b5 Bd4 41. Kf3 Be5 42. h4 Bd4 43. h5 Ke7 44. Kxf4 Bxf2 45. h6 Kf6 46. h7 Kg7 47. Be4 Bd4 48. Kf3 Kh8 49. Bf5 Bb6 50. Ke4 Kg7 51. Kd5 Bc5 52. Kc6 Bd4 53. b6 Kf7 54. b7 1-0


[Site "https://www.chess.com"]

[Event "Titled Tuesday Blitz January 03 Late 2023"]
[White "Suvorov, Luca"]
[Black "Baskakov, Egor"]
[WhiteFideId "12977071"]
[BlackFideId "24197866"]
[WhiteElo "2310"]
[BlackElo "2215"]
[Result "0-1"]
[Round "04"]
[TimeControl "180+2"]
[Date "2023.01.03"]
[WhiteClock "0:00:06"]
[BlackClock "0:00:22"]

1. d4 Nf6 2. c4 e6 3. Nf3 d5 4. Nc3 Ne4 5. cxd5 exd5 6. a3 f5 7. Bf4 c6 8. e3 Bd6 9. Ne5 O-O 10. f3 Nxc3 11. bxc3 Qe7 12. Qd2 Nd7 13. Nd3 Bxa3 14. Nb4 Bxb4 15. cxb4 Nb6 16. Be5 Nc4 17. Bxc4 dxc4 18. O-O Be6 19. Rfb1 a6 20. Qf2 Rad8 21. Qg3 Rd7 22. Ra3 Qf7 23. h4 h6 24. Kf2 Kh7 25. Qf4 Re8 26. Rc3 Qg6 27. Rh1 Qh5 28. Rh3 Bd5 29. Rg3 Rf7 30. Rc1 Rg8 31. Rh3 Ra8 32. Rch1 a5 33. bxa5 Rxa5 34. Kg1 c3 35. Kh2 b5 36. Rc1 b4 37. Qg3 Ra2 38. Kh1 Rd2 39. Qe1 Ra7 40. e4 fxe4 41. fxe4 Be6 42. Qg3 Qg4 43. Qxg4 Bxg4 44. Rg3 h5 45. d5 cxd5 46. exd5 Rxd5 47. Bxc3 bxc3 48. Rgxc3 Rd2 49. R3c2 Ra2 50. Rxa2 Rxa2 51. Kh2 Bf3 52. Rg1 Ba8 53. Kg3 Kg6 54. Kh3 Bc6 55. Kg3 Kh6 56. Kh3 g6 57. Kg3 g5 58. hxg5+ Kxg5 59. Kh3 h4 60. g3 Bd7+ 61. g4 Ra3+ 62. Kh2 Bxg4 63. Rc1 h3 64. Rc5+ Kh4 65. Rc8 Ra2+ 66. Kg1 Kg3 67. Rc3+ Bf3 68. Rxf3+ Kxf3 69. Kh1 Kg3 70. Kg1 Ra1# 0-1


[Site "https://www.chess.com"]

[Event "Titled Tuesday Blitz January 03 Late 2023"]
[White "Senthil, Maran K"]
[Black "Tanenbaum, Zachary"]
[WhiteFideId "25035681"]
[BlackFideId "2060850"]
[WhiteElo "2209"]
[BlackElo "2261"]
[Result "1-0"]
[Round "04"]
[TimeControl "180+2"]
[Date "2023.01.03"]
[WhiteClock "0:00:04"]
[BlackClock "0:00:02"]

1. d4 d5 2. c4 dxc4 3. e4 b5 4. a4 c6 5. axb5 cxb5 6. b3 e5 7. d5 Nf6 8. f3 Bc5 9. bxc4 Nxe4 10. fxe4 Qh4+ 11. Kd2 Bxg1 12. Rxg1 Qf2+ 13. Be2 Qd4+ 14. Kc2 Qxa1 15. Ba3 Bd7 16. Qe1 Na6 17. Qg3 b4 18. Bb2 Qa4+ 19. Kd2 O-O 20. Qxe5 f6 21. Qd6 Rac8 22. e5 fxe5 23. Qxe5 Rf7 24. Rf1 Re8 25. Qd4 Rfe7 26. Bh5 Qa5 27. Rf7 Re2+ 28. Bxe2 Rxe2+ 29. Kxe2 Kxf7 30. Qxg7+ Ke8 31. Bf6 Bf5 32. Qe7# 1-0


[Site "https://www.chess.com"]

[Event "Titled Tuesday Blitz January 03 Late 2023"]
[White "Pakleza, Zbigniew"]
[Black "Goncalves, Davi Sulzbacher"]
[WhiteFideId "1119290"]
[BlackFideId "2154510"]
[WhiteElo "2494"]
[BlackElo "2282"]
[Result "0-1"]
[Round "04"]
[TimeControl "180+2"]
[Date "2023.01.03"]
[WhiteClock "0:00:04"]
[BlackClock "0:00:16"]

1. a4 d5 2. h4 e5 3. d3 f5 4. Nd2 Nf6 5. g3 Bd6 6. Bg2 O-O 7. Nh3 c5 8. c4 d4 9. O-O Nc6 10. e3 dxe3 11. fxe3 e4 12. Nf4 exd3 13. Nf3 Ne4 14. Qxd3 Nxg3 15. Rd1 Ne4 16. Ng5 Nb4 17. Qe2 Nxg5 18. hxg5 Qe7 19. Qf2 Bd7 20. Bd2 Bc6 21. Bxb4 Bxg2 22. Kxg2 cxb4 23. Nd5 Qxg5+ 24. Kf1 f4 25. e4 f3 26. Rd3 Bc5 27. Qh2 Rae8 28. Re1 f2 29. Ree3 Bxe3 30. Rxe3 Rxe4 0-1


[Site "https://www.chess.com"]

[Event "Titled Tuesday Blitz January 03 Late 2023"]
[White "Adewumi, Tanitoluwa"]
[Black "Kosteniuk, Alexandra"]
[WhiteFideId "30966396"]
[BlackFideId "4128125"]
[WhiteElo "2283"]
[BlackElo "2535"]
[Result "1-0"]
[Round "04"]
[TimeControl "180+2"]
[Date "2023.01.03"]
[WhiteClock "0:00:18"]
[BlackClock "0:00:36"]

1. e4 c6 2. d4 d5 3. exd5 cxd5 4. Bd3 Nc6 5. c3 Nf6 6. h3 g6 7. Bf4 Bf5 8. Nf3 Bxd3 9. Qxd3 Bg7 10. O-O O-O 11. Re1 Ne4 12. Nbd2 f5 13. Ng5 Qd7 14. f3 h6 15. fxe4 hxg5 16. exd5 gxf4 17. dxc6 bxc6 18. Nf3 Rab8 19. Re2 Qd5 20. b4 a5 21. a3 Rb7 22. Rae1 axb4 23. axb4 Re8 24. Re6 Ra7 25. Rxg6 Ra2 26. Re5 Qf7 27. Ree6 Rea8 28. Ne5 Qe8 29. Qxf5 Qf8 30. Rxg7+ Kxg7 31. Rg6+ Kh8 32. Qh5+ 1-0


[Site "https://www.chess.com"]